 Dungeon Crawl Stone Soup version 0.28-a0-706-gf6f64a616a (webtiles) character file.

Game seed: 13209166507351351811

3328 funkygono the Arsonist (level 10, -5/53 HPs)
             Began as a Gargoyle Fire Elementalist on Oct 24, 2021.
             Was an Initiate of Vehumet.
             Slain by a skeletal warrior (24 damage)
             ... led by a skeletal warrior
             ... on level 8 of the Dungeon.
             The game lasted 00:17:52 (9044 turns).

funkygono the Arsonist (Gargoyle Fire Elementalist) Turns: 9044, Time: 00:17:53

Health: -5/53      AC: 16    Str: 11    XL:     10   Next: 2%
Magic:  13/22      EV: 12    Int: 23    God:    Vehumet [......]
Gold:   171        SH:  0    Dex: 10    Spells: 15/25 levels left

rFire   . . .      SeeInvis +   j - +0 whip
rCold   + . .      Faith    .   (no shield)
rNeg    + . .      Spirit   .   a - +1 robe
rPois   ∞          Reflect  .   h - +2 helmet {Int+3}
rElec   +          Harm     .   z - +2 cloak {rCorr}
rCorr   +          Rampage  .   (no gloves)
Will    .....                   (no boots)
Stlth   ++........              y - amulet of magic regeneration
HPRegen 0.17/turn               c - ring of protection from cold
MPRegen 0.43/turn               l - ring of see invisible

@: no status effects
A: sickness immunity, AC +7, negative energy resistance 1, electricity
resistance, torment resistance 1, petrification resistance
a: Renounce Religion


You were on level 8 of the Dungeon.
You worshipped Vehumet.
Vehumet was noncommittal.
You visited 2 branches of the dungeon, and saw 9 of its levels.

You collected 501 gold pieces.
You spent 330 gold pieces at shops.

Inventory:

Hand Weapons
 j - a +0 whip (weapon)
 m - a +4 quarterstaff of chaos
 n - the +5 mace of the Doomed Warrior {antimagic, Int+3}
   (You found it on level 4 of the Dungeon)

   It reduces the magical energy of the wielder, and disrupts the spells and
   magical abilities of those it strikes.
   Natural abilities and divine invocations are not affected.
   Int:       It affects your intelligence (+3).
 x - a +0 mace
Missiles
 i - 203 stones
Armour
 a - a +1 robe (worn)
 h - a +2 helmet of intelligence (worn)
 k - a +1 hat
 s - a +1 leather armour of willpower
 z - a +2 cloak of preservation (worn)
Magical Staves
 e - a staff of air
Jewellery
 c - a ring of protection from cold (left hand)
 l - a ring of see invisible (right hand)
 y - an amulet of magic regeneration (around neck)
Wands
 g - a wand of mindburst (6)
 p - a wand of polymorph (8)
 t - a wand of flame (17)
 w - a wand of charming (11)
Scrolls
 q - 2 scrolls of vulnerability
 A - a scroll of fog
 B - a scroll of amnesia
Potions
 b - 5 potions of heal wounds
 d - a potion of degeneration {unknown}
 f - 3 potions of haste
 o - a potion of brilliance {unknown}
 r - 2 potions of curing {unknown}
 u - a potion of magic {unknown}
 v - a potion of flight {unknown}


   Skills:
 + Level 2.3 Fighting
 + Level 1.1 Maces & Flails
 + Level 2.0 Dodging
 - Level 2.1 Stealth
 * Level 8.4 Spellcasting
 * Level 6.4 Conjurations
 * Level 8.7 Fire Magic


You had 15 spell levels left.
You knew the following spells:

 Your Spells              Type           Power      Damage    Failure   Level
a - Foxfire               Conj/Fire      100%       2x1d9     1%          1
b - Scorch                Fire           100%       2d10      1%          2
c - Conjure Flame         Conj/Fire      44%        6-21      1%          3
d - Flame Wave            Conj/Fire      44%        3d9       3%          4

Your spell library contained the following spells:

 Spells                   Type           Power      Damage    Failure   Level
 Inner Flame              Hex/Fire       29%        N/A       3%          3
 Mephitic Cloud           Conj/Pois/Air  19%        N/A       9%          3
 Swiftness                Air            9%         N/A       21%         3
 Airstrike                Air            4%         N/A       54%         4
 Petrify                  Tmut/Erth      9%         N/A       54%         4
 Freezing Cloud           Conj/Ice/Air   9%         6-21      58%         5
 Metabolic Englaciation   Hex/Ice        4%         N/A       88%         5
 Silence                  Hex/Air        4%         N/A       88%         5
 Conjure Ball Lightning   Conj/Air       12%        3x3d6     95%         6
 Statue Form              Tmut/Erth      Unusable   N/A       N/A         6

Dungeon Overview and Level Annotations

Branches:
Dungeon (8/15)             Temple (1/1) D:7
   Lair: D:8-11

Altars:
Ashenzari
Cheibriados
Dithmenos
Elyvilon
Fedhas
Gozag
Hepliaklqana
Kikubaaqudgha
Makhleb
Nemelex Xobeh
Okawaru
Ru
Sif Muna
Trog
Uskayaw
Vehumet
Wu Jian
Xom
Yredelemnul
Zin
The Shining One

Shops:
D:6 *   D:7 =*


Innate Abilities, Weirdness & Mutations

You are immune to sickness and miasma.
Your stone body is resilient. (AC +7)
You are immune to poison.
You resist negative energy. (rN+)
You are resistant to electric shocks. (rElec)
You are resistant to unholy torment.
You are immune to petrification.


Message History

The skeletal warrior is lightly damaged.
Casting: Scorch (safe; 1% risk of failure)
Confirm with . or Enter, or press ? or * to list all spells.
You conjure some foxfire!
The skeletal warrior barely misses you.
Casting: Foxfire (safe; 1% risk of failure)
Confirm with . or Enter, or press ? or * to list all spells.
You conjure some foxfire!
The foxfire hits the skeletal warrior but does no damage.
The skeletal warrior is lightly damaged.
The foxfire hits the skeletal warrior but does no damage.
The skeletal warrior is lightly damaged.
The skeletal warrior hits you from afar with a +0 glaive of freezing!
The skeletal warrior freezes you.
Casting: Foxfire (safe; 1% risk of failure)
Confirm with . or Enter, or press ? or * to list all spells.
Casting: Flame Wave (dangerous; 3% risk of failure)
Press: ? - help, Dir - look around, f - activate A wave of flame ripples out!
The flame wave engulfs your foxfire.
Your foxfire completely resists.
The flame wave engulfs your foxfire.
Your foxfire completely resists. (Press . to intensify the flame waves.)
You hear a loud, deep croak!
You hear a shout!
The foxfire hits the skeletal warrior but does no damage.
The skeletal warrior is lightly damaged.
The foxfire hits the skeletal warrior.
The skeletal warrior is moderately damaged.
A bullfrog comes into view.
The skeletal warrior barely misses you.
A wave of flame ripples out!
The flame wave engulfs the skeletal warrior.
The skeletal warrior is moderately damaged.
The skeletal warrior hits you but does no damage.
A wave of flame ripples out!
The flame wave engulfs the skeletal warrior!
The skeletal warrior is heavily damaged.
You finish channelling waves of flame.
The skeletal warrior misses you.
A centaur comes into view.
The skeletal warrior hits you from afar with a +0 glaive of freezing!!
You die...

#[#
########.#.
#.# #.##
#.# #.##
#.# #.##
#.# #.##
#.# #.##
#.# #.##
#######.##
#.##
c....F.@.#
#)##
#######..#
#.##
#z.#######
#)##
##........#
#.##
#..######.#
#... #.##
#### #.#
#.# #.#


You could see a skeletal warrior, a bullfrog and a centaur.

Vanquished Creatures
  Prince Ribbit (D:6)
  Grinder (D:6)
  Sigmund (D:4)
  Eustachio (D:4)
  2 water moccasins
  Duvessa (D:6)
  A sky beast (D:7)
  2 orc warriors
  5 ice beasts
  An ogre (D:6)
  A black bear (D:7)
  4 scorpions
  Dowan (D:6)
  6 killer bees (D:8)
  A howler monkey (D:7)
  3 hounds
  Crazy Yiuf (D:7)
  2 bullfrog zombies (D:5)
  3 jellies
  2 orc priests
  A bullfrog skeleton (D:4)
  A scorpion zombie (D:5)
  A centaur skeleton (D:6)
  Ijyb (D:5)
  6 orc wizards
  A killer bee zombie (D:8)
  A hound skeleton (D:4)
  Robin (D:4)
  A gnoll (D:4)
  3 howler monkey skeletons
  7 adders
  An ufetubus (D:4)
  An adder skeleton (D:4)
  3 worms
  A dart slug (D:1)
  23 orcs
  6 endoplasms
  2 giant cockroaches (D:4)
  21 goblins
  6 hobgoblins
  6 jackals
  5 kobolds
  6 ball pythons
  3 bats (D:2)
  13 frilled lizards
  3 rats
  A toadstool (D:1)
165 creatures vanquished.

Vanquished Creatures (collateral kills)
  A foxfire (D:2)
1 creature vanquished.

Vanquished Creatures (others)
  9 demonic plants (D:2)
  678 foxfires
  3 fungi (D:2)
  12 plants
  3 toadstools (D:1)
705 creatures vanquished.

Grand Total: 871 creatures vanquished

Notes
Turn   | Place    | Note
-------+----------+-------------------------------------------
     0 | D:1      | funkygono the Gargoyle Fire Elementalist began the quest
                  | for the Orb.
     0 | D:1      | Reached XP level 1. HP: 10/10 MP: 3/3
   358 | D:1      | Reached XP level 2. HP: 15/15 MP: 0/5
   361 | D:1      | Learned a level 2 spell: Scorch
   804 | D:1      | Reached XP level 3. HP: 19/19 MP: 4/6
  1241 | D:1      | Learned a level 3 spell: Conjure Flame
  1507 | D:2      | Reached skill level 1 in Fighting
  1507 | D:2      | Reached XP level 4. HP: 25/25 MP: 3/7
  1755 | D:2      | Found a faded altar of an unknown god.
  2516 | D:3      | Reached XP level 5. HP: 29/29 MP: 4/9
  2931 | D:3      | Learned a level 4 spell: Flame Wave
  3207 | D:4      | Identified the +5 mace of the Doomed Warrior {antimagic,
                  | Int+3}
  3447 | D:4      | Noticed Robin
  3460 | D:4      | Killed Robin
  3461 | D:4      | Reached XP level 6. HP: 34/34 MP: 2/11
  4042 | D:4      | Noticed Eustachio
  4054 | D:4      | Killed Eustachio
  4055 | D:4      | Reached skill level 5 in Fire Magic
  4055 | D:4      | Reached XP level 7. HP: 38/38 MP: 1/13
  4407 | D:4      | Noticed Sigmund
  4411 | D:4      | Killed Sigmund
  4412 | D:4      | Reached skill level 5 in Spellcasting
  5009 | D:5      | Entered Level 5 of the Dungeon
  5084 | D:5      | Reached XP level 8. HP: 43/43 MP: 9/15
  5329 | D:5      | Noticed Ijyb
  5337 | D:5      | Killed Ijyb
  6120 | D:5      | Identified a scroll of acquirement
  6120 | D:5      | Acquired Afri's Collected Works on Lightness
  6182 | D:6      | Noticed Grinder
  6188 | D:6      | Killed Grinder
  6189 | D:6      | Reached skill level 5 in Conjurations
  6295 | D:6      | Reached XP level 9. HP: 48/48 MP: 14/19
  6680 | D:6      | Noticed Prince Ribbit
  6686 | D:6      | Killed Prince Ribbit
  6883 | D:6      | Noticed Dowan
  6894 | D:6      | Killed Dowan
  6900 | D:6      | Noticed Duvessa
  6912 | D:6      | Killed Duvessa
  6913 | D:6      | Reached skill level 1 in Maces & Flails
  7125 | D:6      | Found Elast's Gadget Gallery.
  7778 | D:7      | Found a runed translucent door.
  7779 | D:7      | Noticed Crazy Yiuf
  7785 | D:7      | Killed Crazy Yiuf
  7868 | D:7      | Found a staircase to the Ecumenical Temple.
  7893 | Temple   | Entered the Ecumenical Temple
  7899 | Temple   | Became a worshipper of Vehumet
  8402 | D:7      | Found Koususio's Overcharged Wands.
  8423 | D:7      | Found Yfrapn Cuahu's Jewellery Shoppe.
  8426 | D:7      | Bought an amulet of magic regeneration for 330 gold pieces
  8811 | D:8      | Reached XP level 10. HP: 36/53 MP: 11/22
  9021 | D:8      | Noticed a skeletal warrior
  9044 | D:8      | Slain by a skeletal warrior

Illustrated notes

Levels and vault maps discovered:
D:1:      ldierk_walled_garden_2, layout_basic, minmay_lizard_king
D:2:      layout_rooms, shapermc_ecumenical_altar_gd, chequers_jeans,
          kennysheep_generic_room_11
D:3:      layout_rooms, serial_corexii_hall, corexii_hall_statues_x,
          chequers_hall_statues_y, minmay_misc_feat_rows
D:4:      kennysheep_goblin_castle, layout_loops_ring, st_stairs_1,
          uniq_sigmund, uniq_eustachio
D:5:      layout_gridville, hex_large, eino_small_chamber_without_monster,
          uniq_ijyb
D:6:      layout_gridville, nicolae_shop_gadgets, uniq_prince_ribbit1,
          uniq_grinder, uniq_duvessa
D:7:      layout_cave_pools, minmay_temple_entry_purple_smoke, serial_shops,
          kennysheep_mini, nicolae_shop_overcharged_wands,
          uniq_crazy_yiuf_cottage
D:8:      layout_loops_ring, uniq_psyche
Temple:   nicolae_temple_the_god_donut

Skill      XL: |  1  2  3  4  5  6  7  8  9 |
---------------+----------------------------+-----
Fire Magic     | 4 5 6 7 8 |  8.7
Fighting       | 1 2 |  2.3
Spellcasting   | 3 4 5 6 8 |  8.4
Conjurations   | 2 3 4 5 6 |  6.4
Maces & Flails | 1 |  1.1
Dodging        | 2 |  2.0
Stealth        | |  2.1

Action                   |  1- 3 |  4- 6 |  7- 9 | 10-12 || total
-------------------------+-------+-------+-------+-------++-------
Melee: Unarmed           |     8 |       |       |       ||     8
       Club              |    25 |       |       |       ||    25
       Whip              |       |    13 |    35 |     4 ||    52
 Cast: Foxfire           |    52 |   101 |   237 |     7 ||   397
       Scorch            |       |    13 |    28 |     3 ||    44
       Flame Wave        |       |       |     1 |     1 ||     2
  Use: Scroll            |     2 |     4 |     7 |       ||    13
Armor: Robe              |    12 |     7 |    30 |     2 ||    51
Dodge: Dodged            |    30 |    19 |    51 |     7 ||   107

Table legend: (Time is in decaauts)
 A = Elapsed time spent in this place.
 B = Non-inter-level travel time spent in this place.
 C = Inter-level travel time spent in this place.
 D = Time resting spent in this place.
 E = Time spent auto-exploring this place.
 F = Levels seen in this place.
 G = Mean time per level.
                   A        B        C        D        E       F      G
               +--------+--------+--------+--------+--------+-----+--------+
         Total |   9054 |   8862 |    192 |   1047 |   6342 |   9 | 1006.0 |
       Dungeon |   8764 |   8582 |    182 |   1047 |   6083 |   8 | 1095.5 |
        Temple |    289 |    280 |      9 |      0 |    259 |   1 |  289.0 |
               +--------+--------+--------+--------+--------+-----+--------+

Top non-repeatable levels by time:
     D:4: 2054 daAuts
     D:5: 1351 daAuts
     D:1: 1273 daAuts
     D:6: 1084 daAuts
     D:7: 930 daAuts
     D:3: 895 daAuts
     D:2: 794 daAuts
     D:8: 380 daAuts
  Temple: 289 daAuts
